 Dungeon Crawl Stone Soup version 0.31-a0-1467-g53b6572822 (webtiles) character file.

Game seed: 3175103437795751265

17308 night the Fighter (level 12, 0/116 HPs)
             Began as a Demonspawn Artificer on Dec 28, 2023.
             Was an Initiate of Gozag.
             Killed from afar by a deep elf pyromancer (28 damage)
             ... with a bolt of fire
             ... on level 12 of the Dungeon.
             The game lasted 00:25:59 (13034 turns).

night the Fighter (Demonspawn Artificer)           Turns: 13034, Time: 00:26:00

Health: 0/116      AC: 16    Str: 13    XL:     12   Next: 17%
Magic:  12/12      EV: 17    Int: 17    God:    Gozag
Gold:   2730       SH:  0    Dex: 13    Spells: 11/11 levels left

rFire   . .          .
                       - Unarmed
rCold   + . .        (no shield)
rNeg    . . .        K - +2 leather armour {rC+}
rPois   .            A - +0 helmet
rElec   .            r - +0 cloak
rCorr   .            (no gloves)
SInv    .            G - +1 pair of boots
Will    .....        C - amulet of magic regeneration
Stlth   +            n - +5 ring of evasion
HPRegen 0.39/turn    u - +4 ring of protection
MPRegen 0.53/turn

%: no passive effects
@: lethally poisoned (0 -> -8), gold aura
A: claws 2, thin metallic scales 1, icemail 1, powered by death 1, robust 1,
condensation shield
a: Renounce Religion, Potion Petition, Call Merchant, Bribe Branch


You were on level 12 of the Dungeon.
You worshipped Gozag.
Gozag was most pleased with you.
You visited 2 branches of the dungeon, and saw 13 of its levels.

You collected 2730 gold pieces.

Inventory:

Hand Weapons
 a - a +1 short sword of venom
Missiles
 k - 3 silver javelins
 m - 2 atropa-tipped darts
 F - a throwing net
 W - 6 curare-tipped darts
Armour
 r - a +0 cloak (worn)
 A - a +0 helmet (worn)
 G - a +1 pair of boots (worn)
 K - a +2 leather armour of cold resistance (worn)
 Z - an orb of energy
Jewellery
 n - a +5 ring of evasion (left claw)
 u - a +4 ring of protection (right claw)
 w - a +6 ring of strength
 B - a ring of poison resistance
 C - an amulet of magic regeneration (around neck)
Talismans
 q - a flux talisman
Wands
 c - a wand of flame (13) (quivered)
 d - a wand of charming (11)
 e - a wand of iceblast (9)
 y - a wand of paralysis (12)
 L - a wand of polymorph (27)
 N - a wand of mindburst (17)
 O - a wand of acid (12)
 X - a wand of digging (8)
Scrolls
 b - a scroll of enchant weapon
 f - a scroll of enchant armour
 g - a scroll of brand weapon
 i - 8 scrolls of teleportation
 l - 2 scrolls of identify
 s - 3 scrolls of fog
 t - a scroll of silence {unknown}
 v - 5 scrolls of vulnerability
 E - a scroll of immolation
 I - 4 scrolls of noise
 J - 3 scrolls of amnesia
 M - a scroll of blinking
 U - a scroll of fear
Potions
 h - a potion of might {unknown}
 j - 2 potions of cancellation {unknown}
 o - 2 potions of enlightenment {unknown}
 p - 4 potions of heal wounds
 x - 2 potions of invisibility {unknown}
 D - a potion of degeneration {unknown}
 H - a potion of berserk rage {unknown}
 Q - 3 potions of curing {unknown}
 R - 2 potions of attraction {unknown}
 S - 2 potions of mutation {unknown}
 T - a potion of lignification {unknown}
 V - a potion of haste {unknown}
 Y - a potion of magic {unknown}


   Skills:
 + Level 13.6 Fighting
 + Level 4.3 Armour
 + Level 3.9 Dodging
 - Level 0.8 Stealth
 + Level 12.3 Unarmed Combat
 - Level 3.1 Evocations


You had 11 spell levels left.
You didn't know any spells.
Your spell library contained the following spells:

 Spells                   Type           Power      Damage    Failure   Level
 Jinxbite                 Hex            0%         N/A       41%         2
 Stone Arrow              Conj/Erth      0%         3d7       65%         3
 Volatile Blastmotes      Fire/Tloc      0%         2d10      65%         3
 Animate Armour           Summ/Erth      0%         N/A       96%         4
 Fulminant Prism          Conj/Alch      0%         3d5       96%         4
 Iskenderun's Mystic Bla  Conj/Tloc      0%         2d3       96%         4
 Yara's Violent Unravell  Hex/Alch       0%         3d3       100%        5
 Enfeeble                 Hex            0%         N/A       100%        7
 Lehudib's Crystal Spear  Conj/Erth      0%         10d2      100%        8


Dungeon Overview and Level Annotations

Branches:
Dungeon (12/15)            Temple (1/1) D:7            Lair (0/5) D:11
    Orc (0/2) D:12

Altars:
Ashenzari
Cheibriados
Dithmenos
Fedhas
Gozag
Hepliaklqana
Kikubaaqudgha
Makhleb
Nemelex Xobeh
Okawaru
Qazlal
Ru
Sif Muna
Trog
Uskayaw
Vehumet
Wu Jian
Xom
Yredelemnul


Innate Abilities, Weirdness & Mutations

You have very sharp fingernails.
You are partially covered in thin metallic scales. (AC +2)
A meltable icy envelope protects you from harm. (AC +0)
You regenerate a little health from kills.
You are robust. (+10% HP)
A meltable shield of frost defends you. (SH +0)


Message History

You feel very sick.
The green ugly thing completely misses you.
You scratch the green ugly thing.
The green ugly thing is severely wounded.
You feel very sick. The green ugly thing tail-slaps you.
You are more poisoned.
The green ugly thing poisons you!
You claw the green ugly thing!
The green ugly thing is almost dead.
You feel extremely sick.
You scratch the green ugly thing but do no damage.
The green ugly thing is almost dead.
You feel very sick.
The green ugly thing tail-slaps you but does no damage.
You claw the green ugly thing!
You kill the green ugly thing!
You feel very sick.
You closely miss the vampire mosquito.
The vampire mosquito is severely damaged.
You feel very sick.
The vampire mosquito completely misses you.
The vampire mosquito closely misses you.
You scratch the vampire mosquito.
The vampire mosquito is severely damaged.
You feel very sick.
The vampire mosquito is distracted by your dazzling golden aura.
You strike the helpless vampire mosquito from behind!
You claw the vampire mosquito!
You destroy the vampire mosquito!
You feel very sick.
The deep elf pyromancer points at you and mumbles some strange words.
The bolt of fire hits you!
Your icy defences dissipate!
* * * LOW HITPOINT WARNING * * *
You feel very sick.
The deep elf pyromancer casts a spell at you.
The bolt of fire hits you!!
You die...
Your body crumbles into a pile of gold.

#......# #....[.# ##
#..B...# #......########
# #......#
#.............. #
#......###..............
#
#......+.'.............)
+
#......###).............
#
#...YY.#...#####........
##...#.#.#.# #........
#...#.Y.#@# #########
#Y..#####e#####
#.............#
#Y............#
#.............##
#Y.............#
.............#
.............#
............##


You could see a deep elf pyromancer.

Vanquished Creatures
  Snorg (D:10)
  2 boulder beetles
  A two-headed ogre (D:10)
  The ghost of AceOff the Blocker, a novice FoFi of Gozag (D:9)
  A soul eater (D:10)
  A deep elf pyromancer (D:12)
  An ugly thing (D:12)
  A cyclops (D:11)
  A rust devil (D:10)
  Joseph (D:7)
  Jeremiah (D:9)
  2 unseen horrors
  2 komodo dragons
  2 ice devils (D:10)
  A red devil (D:10)
  Prince Ribbit (D:9)
  A ynoxinul (D:10)
  2 shadows (D:10)
  A wyvern (D:9)
  2 wraiths
  3 steam dragons
  20 yaks
  A chaos spawn (D:10)
  5 vampire mosquitoes (D:12)
  2 acid dragons
  4 sky beasts
  6 orc warriors
  4 ice beasts
  A black bear (D:4)
  2 ogres
  A phantom (D:6)
  4 centaurs
  4 kobold brigands
  Blork the orc (D:4)
  A bullfrog (D:6)
  5 scorpions
  14 wights
  3 howler monkeys
  2 bombardier beetles
  A jelly (D:5)
  2 hounds (D:5)
  3 orc priests
  2 quasits (D:10)
  3 gnoll boudas (D:7)
  2 iguanas
  A sleepcap (D:5)
  12 orc wizards
  24 gnolls
  7 adders
  A shadow imp (D:7)
  A white imp (D:5)
  A worm (D:2)
  3 dart slugs
  35 orcs
  4 ball pythons
  10 endoplasms
  A giant cockroach (D:4)
  6 goblins
  7 hobgoblins
  21 kobolds
  5 quokkas
  3 bats
  A frilled lizard (D:1)
  3 rats
268 creatures vanquished.

Vanquished Creatures (others)
  An arcanist (D:4)
1 creature vanquished.

Grand Total: 269 creatures vanquished

Notes
Turn   | Place    | Note
-------+----------+-------------------------------------------
     0 | D:1      | night the Demonspawn Artificer began the quest for the Orb.
     0 | D:1      | Reached XP level 1. HP: 15/15 MP: 1/1
   160 | D:1      | Noticed a shining eye
   161 | D:1      | Found a faded altar of an unknown god.
   171 | D:1      | Noticed a golden eye
   172 | D:1      | Noticed a great orb of eyes
   172 | D:1      | Noticed an eye of devastation
   177 | D:1      | Prayed at the altar of an unknown god.
   177 | D:1      | Became a worshipper of Gozag Ym Sagoz the Greedy
   371 | D:1      | Gained mutation: You are partially covered in thin metallic
                  | scales. (AC +2) [demonic ancestry]
   371 | D:1      | Reached XP level 2. HP: 18/22 MP: 2/2
   440 | D:1      | Reached skill level 2 in Fighting
  1166 | D:2      | Gained mutation: You have sharp fingernails. [demonic
                  | ancestry]
  1166 | D:2      | Reached XP level 3. HP: 27/28 MP: 3/3
  1317 | D:2      | Reached skill level 3 in Fighting
  1574 | D:2      | Reached skill level 1 in Unarmed Combat
  2051 | D:3      | Reached XP level 4. HP: 21/35 MP: 4/4
  2282 | D:3      | Reached skill level 2 in Unarmed Combat
  2321 | D:3      | Noticed an ice beast
  2334 | D:3      | HP: 3/37 [ice beast (12)]
  2336 | D:3      | Killed an ice beast
  2337 | D:3      | Reached skill level 4 in Fighting
  2337 | D:3      | Gained mutation: You have very sharp fingernails. [demonic
                  | ancestry]
  2337 | D:3      | Reached XP level 5. HP: 4/43 MP: 5/5
  2800 | D:4      | Noticed a black bear
  2805 | D:4      | Killed a black bear
  2806 | D:4      | Reached XP level 6. HP: 49/50 MP: 6/6
  2819 | D:4      | Found a snail-covered altar of Cheibriados.
  3029 | D:4      | Reached skill level 5 in Fighting
  3606 | D:4      | Noticed Blork the orc
  3615 | D:4      | Killed Blork the orc
  3616 | D:4      | Gained mutation: A meltable shield of frost defends you.
                  | (SH +0) [demonic ancestry]
  3616 | D:4      | Reached XP level 7. HP: 31/56 MP: 7/7
  3760 | D:4      | Found a bloodstained altar of Trog.
  3762 | D:4      | Noticed a wizard
  3766 | D:4      | Killed a wizard
  3816 | D:5      | Entered Level 5 of the Dungeon
  3913 | D:5      | Reached skill level 6 in Fighting
  4068 | D:5      | Found a radiant altar of Vehumet.
  4079 | D:5      | Found a sparkling altar of Nemelex Xobeh.
  4401 | D:5      | Reached skill level 5 in Unarmed Combat
  5015 | D:6      | Gained mutation: You regenerate a little health from kills.
                  | [demonic ancestry]
  5015 | D:6      | Reached XP level 8. HP: 59/65 MP: 8/8
  5113 | D:6      | Reached skill level 7 in Fighting
  5571 | D:6      | Reached skill level 8 in Fighting
  5916 | D:6      | Gained mutation: A meltable icy envelope protects you from
                  | harm. (AC +0) [demonic ancestry]
  5916 | D:6      | Reached XP level 9. HP: 57/75 MP: 9/9
  5942 | D:6      | Reached skill level 9 in Fighting
  6407 | D:7      | Found a blossoming altar of Fedhas.
  6607 | D:7      | Found a shimmering altar of Xom.
  6611 | D:7      | Reached skill level 10 in Fighting
  6749 | D:7      | Found a staircase to the Ecumenical Temple.
  6753 | Temple   | Entered the Ecumenical Temple
  6948 | D:7      | Noticed Joseph
  6959 | D:7      | Killed Joseph
  7412 | D:8      | Reached XP level 10. HP: 85/86 MP: 10/10
  7530 | D:8      | Found a basalt altar of Yredelemnul.
  7951 | D:8      | Found a sacrificial altar of Ru.
  8265 | D:9      | Reached skill level 11 in Fighting
  8274 | D:9      | Noticed AceOff's ghost (novice FoFi)
  8299 | D:9      | Found a runed translucent door.
  8389 | D:9      | Noticed Prince Ribbit
  8431 | D:9      | Killed Prince Ribbit
  8443 | D:9      | Reached skill level 10 in Unarmed Combat
  8697 | D:9      | Identified the +0 leather armour of the Solstice {Int+5}
  9141 | D:9      | Noticed Jeremiah
  9175 | D:9      | Killed Jeremiah
  9904 | D:9      | Killed AceOff's ghost
  9971 | D:10     | Entered Level 10 of the Dungeon
  9981 | D:10     | Reached skill level 12 in Fighting
 10001 | D:10     | Noticed a rust devil
 10012 | D:10     | Killed a rust devil
 10043 | D:10     | Reached XP level 11. HP: 49/95 MP: 11/11
 10290 | D:10     | Noticed a two-headed ogre
 10298 | D:10     | Killed a two-headed ogre
 10305 | D:10     | HP: 1/96 [something (31)]
 10596 | D:10     | Noticed a soul eater
 10702 | D:10     | Killed a soul eater
 10878 | D:10     | Identified the +1 hand axe "Foumumae" {flame, rPois rCorr
                  | MP+9 Int-5}
 10915 | D:10     | Noticed Snorg
 10930 | D:10     | Killed Snorg
 10931 | D:10     | Reached skill level 13 in Fighting
 11169 | D:10     | Identified the +10 hand axe "Kuasic Oppo" {drain, Dex+2}
 11268 | D:10     | Reached skill level 1 in Dodging
 11417 | D:11     | Noticed Sonja
 11418 | D:11     | Sonja changed into Sonja the ice beast
 11418 | D:11     | Noticed Sonja
 11422 | D:11     | Killed Sonja the ice beast
 11457 | D:11     | Reached skill level 2 in Armour
 11735 | D:11     | Noticed a boulder beetle
 11764 | D:11     | Killed a boulder beetle
 11885 | D:11     | Reached skill level 2 in Dodging
 12014 | D:11     | Found a staircase to the Lair.
 12380 | D:12     | Reached skill level 12 in Unarmed Combat
 12492 | D:12     | Noticed a deep elf pyromancer
 12507 | D:12     | Killed a deep elf pyromancer
 12696 | D:12     | Noticed a boulder beetle
 12720 | D:12     | Gained mutation: You are robust. (+10% HP) [demonic
                  | ancestry]
 12720 | D:12     | Reached XP level 12. HP: 69/115 MP: 12/12
 12745 | D:12     | Killed a boulder beetle
 12993 | D:12     | Found a staircase to the Orcish Mines.
 13034 | D:12     | Killed from afar by a deep elf pyromancer

Illustrated notes

Levels and vault maps discovered:
D:1:      dpeg_arrival_connections, layout_basic,
          hellmonk_ecumenical_altar_watching_god
D:2:      layout_basic, chequers_arboretum, wad_floor_pattern_1, eino_curves_03,
          serial_park_tiny_1
D:3:      cheibrodos_old_hovel, layout_basic
D:4:      layout_basic, trog_wizard, cheibriados_altar_1,
          minmay_misc_feat_alley, uniq_blork_the_orc
D:5:      layout_loops_corners, minitemple, small_statue_intersection
D:6:      layout_cave_pools
D:7:      layout_loops_cross, xom_teletrap_fun, fedhas_altar_4,
          minmay_temple_entry_glassed_door, uniq_joseph
D:8:      layout_basic, lemuel_doored_altar, nicolae_ru_the_path_less_chosen
D:9:      layout_layer_cave, hellmonk_ghost_happy_afterlife,
          nicolae_letterblocks [nicolae_letter_subblock,
          nicolae_letter_subblock, nicolae_letter_subblock,
          nicolae_letter_subblock, nicolae_letter_subblock,
          nicolae_letter_subblock, nicolae_letter_subblock,
          nicolae_letter_subblock, nicolae_letter_subblock,
          nicolae_letter_subblock, nicolae_letter_subblock,
          nicolae_letter_subblock, nicolae_letter_subblock,
          nicolae_letter_subblock, nicolae_letter_subblock,
          nicolae_letter_subblock, nicolae_letter_subblock,
          nicolae_letter_subblock, nicolae_letter_subblock,
          nicolae_letter_subblock, nicolae_letter_subblock,
          nicolae_letter_subblock, nicolae_letter_subblock,
          nicolae_letter_subblock, nicolae_letter_subblock], uniq_jeremiah,
          uniq_prince_ribbit1
D:10:     layout_roguey, enter_bailey_2, serial_demonic, serial_demonic_e,
          serial_demonic_g, serial_demonic_d, serial_demonic_a, uniq_snorg
D:11:     layout_roguey, lair_entry_dummy, uniq_sonja
D:12:     layout_basic, orc_0_dummy
Temple:   jpeg_temple_clearing

Skill      XL: |  1  2  3  4  5  6  7  8  9 10 11 12 |
---------------+-------------------------------------+-----
Fighting       | 2 3 4 5 6 8 10 12 13 | 13.6
Unarmed Combat | 1 2 3 4 5 7 9 10 12 | 12.3
Dodging        | 3 |  3.9
Armour         | 3 4 |  4.3
Stealth        | |  0.8
Evocations     | |  3.1

Action                     |  1- 3 |  4- 6 |  7- 9 | 10-12 || total
---------------------------+-------+-------+-------+-------++-------
  Melee: Club              |    19 |       |       |       ||    19
         Short sword       |   108 |   103 |    20 |       ||   231
         Punch             |     1 |     4 |    21 |    40 ||    66
         Unarmed           |       |       |   362 |   641 ||  1003
  Evoke: Wand              |     1 |     8 |     1 |     7 ||    17
    Use: Scroll            |       |       |       |    14 ||    14
         Potion            |       |       |       |     1 ||     1
   Stab: Sleeping          |     1 |     3 |       |       ||     4
         Distracted        |       |       |       |     2 ||     2
 Armour: Leather armour    |    54 |    30 |   184 |   301 ||   569
         Skin              |       |       |       |     8 ||     8
  Dodge: Dodged            |    67 |    68 |   220 |   350 ||   705
  Block: Other             |       |       |    56 |    82 ||   138

Table legend: (Time is in decaauts)
 A = Elapsed time spent in this place.
 B = Non-inter-level travel time spent in this place.
 C = Inter-level travel time spent in this place.
 D = Time resting spent in this place.
 E = Time spent auto-exploring this place.
 F = Levels seen in this place.
 G = Mean time per level.
                   A        B        C        D        E       F      G
               +--------+--------+--------+--------+--------+-----+--------+
         Total |  12880 |  12520 |    360 |   1273 |   8632 |  13 |  990.8 |
       Dungeon |  12878 |  12518 |    360 |   1273 |   8632 |  12 | 1073.2 |
        Temple |      1 |      1 |      0 |      0 |      0 |   1 |    1.0 |
               +--------+--------+--------+--------+--------+-----+--------+

Top non-repeatable levels by time:
     D:9: 1594 daAuts
    D:10: 1360 daAuts
     D:7: 1344 daAuts
     D:5: 1167 daAuts
     D:1: 1136 daAuts
     D:6: 1025 daAuts
     D:4: 1021 daAuts
    D:11: 966 daAuts
     D:8: 946 daAuts
     D:2: 899 daAuts
     D:3: 761 daAuts
    D:12: 654 daAuts
  Temple: 1 daAuts
